 Dungeon Crawl Stone Soup version 0.30-a0-134-gb40fab5c76 (webtiles) character file.

Game seed: 15741746780704758283

7736 juncz the Fighter (level 11, -18/88 HPs)
             Began as a Djinni Ice Elementalist on Sept 19, 2022.
             Was a Believer of Makhleb.
             Shot with an arrow by a centaur warrior (29 damage)
             ... on level 10 of the Dungeon.
             The game lasted 00:35:00 (16101 turns).

juncz the Fighter (Djinni Ice Elementalist)        Turns: 16101, Time: 00:35:00

Health: -18/88     AC:  8    Str:  7    XL:     11   Next: 42%
Gold:   565        EV: 13    Int: 27    God:    Makhleb [**....] SH:  0 Dex: 14

rFire   + + .      SeeInvis .    r - +4 quarterstaff of Byimiodi {vorpal, rN+ Stlth+}
rCold   x . .      Faith    .    (shield currently unavailable)
rNeg    + . .      Spirit   .    g - +3 steam dragon scales
rPois   ∞          Reflect  .    (no helmet)
rElec   .          Harm     .    (no cloak)
rCorr   .          Rampage  .    (no gloves)
Will    ++...                    (boots unavailable)
Stlth   +++.......               (no amulet)
HPRegen 0.24/turn                C - +6 ring of intelligence
MPRegen 0.00/turn                K - ring of willpower

@: flying
A: sickness immunity, fire resistance 2, cold vulnerability 1, float, innate
caster, HP casting, extra vitality 1
a: Renounce Religion, Minor Destruction


You were on level 10 of the Dungeon.
You worshipped Makhleb.
Makhleb was pleased with you.
You visited 2 branches of the dungeon, and saw 11 of its levels.

You collected 565 gold pieces.

Inventory:

Hand Weapons
 r - the +4 quarterstaff of Byimiodi (weapon) {vorpal, rN+ Stlth+}
   (You found it on level 2 of the Dungeon)

   It inflicts extra damage upon your enemies.
   rN:        It protects you from negative energy.
   Stlth:     It makes you more stealthy.
 B - a +2 long sword of flaming
Missiles
 F - 4 throwing nets
Armour
 c - a +0 buckler
 g - +3 steam dragon scales (worn)
Jewellery
 b - a ring of positive energy
 i - a ring of positive energy
 p - a ring of fire
 C - a +6 ring of intelligence (left hand)
 E - the ring of Burir {Fire Int+2}
   (You found it on level 7 of the Dungeon)

   [ring of fire]

   It enhances your fire magic.
   Int:       It affects your intelligence (+2).
   rF:        It protects you from fire.
   rC:        It makes you vulnerable to cold.
 K - a ring of willpower (right hand)
Wands
 x - a wand of light (10)
 z - a wand of flame (34)
 I - a wand of paralysis (5)
Scrolls
 k - 7 scrolls of teleportation
 l - 2 scrolls of blinking
 o - a scroll of butterflies
 q - a scroll of vulnerability {unknown}
 t - a scroll of enchant weapon
 v - a scroll of fear
 w - a scroll of magic mapping
 y - 2 scrolls of summoning
 D - a scroll of brand weapon
 H - 3 scrolls of poison {unknown}
 J - a scroll of identify
Potions
 d - 5 potions of degeneration {unknown}
 e - a potion of berserk rage {unknown}
 f - 7 potions of curing {unknown}
 h - a potion of lignification {unknown}
 j - 2 potions of flight {unknown}
 m - 3 potions of heal wounds {unknown}
 n - a potion of ambrosia {unknown}
 s - a potion of brilliance {unknown}
 u - 3 potions of attraction {unknown}
 A - a potion of haste {unknown}
 L - 2 potions of magic {unknown}


   Skills:
 + Level 11.6 Fighting
 - Level 3.5 Dodging
 - Level 2.7 Stealth
 + Level 9.8 Spellcasting


You had 5 spell levels left.
You knew the following spells:

 Your Spells              Type           Power      Damage    Failure   Level
a - Freeze                Ice            100%       1d11      1%          1
b - Frozen Ramparts       Ice            100%       1d16      1%          3
c - Ozocubu's Armour      Ice            61%        N/A       1%          3
d - Hailstorm             Conj/Ice       61%        3d13      1%          4
e - Magic Dart            Conj           100%       1d8       1%          1
f - Static Discharge      Conj/Air       100%       2-7/arc   1%          2
g - Blink                 Tloc           100%       N/A       1%          2
h - Anguish               Hex/Necr       30%        N/A       1%          4
i - Manifold Assault      Tloc           61%        N/A       1%          4
Your spell library was empty.

Dungeon Overview and Level Annotations

Branches:
Dungeon (10/15)            Temple (1/1) D:7            Lair (0/5) D:8
    Orc (0/2) D:10

Altars:
Cheibriados
Dithmenos
Elyvilon
Fedhas
Gozag
Hepliaklqana
Makhleb
Nemelex Xobeh
Okawaru
Qazlal
Ru
Trog
Uskayaw
Wu Jian
Xom
Yredelemnul
Zin
The Shining One


Innate Abilities, Weirdness & Mutations

You are immune to sickness and miasma.
You are immune to poison.
Your flesh is very heat resistant. (rF++)
You are vulnerable to cold. (rC-)
You float through the air rather than walking.
You learn spells naturally, not from books.
Your magical power is your life essence.
You have superior vitality. (+4 MHP)


Message History

You feel clever.
C - a +6 ring of intelligence (left hand) Done exploring.
(D) Dungeon (T) Temple (L) Lair
Where to? (Enter - D:8 @ (x,y), ? - help)
There is a stone staircase leading down here.
You fly downwards.
Found a scale mail and 18 gold pieces.
Found an escape hatch in the floor.
There is a stone staircase leading up here.
You now have 553 gold pieces (gained 18).
Found a staircase to the Orcish Mines.
Found 12 gold pieces.
You now have 565 gold pieces (gained 12).
You see here the +1 chain mail of a Thousand Priests {rPois Str+3}.
Found a Young Poisoner's Handbook.
z - a wand of flame (34) (gained 11 charges)
Found a stone staircase leading down.
There is a stone staircase leading down here.
You reach down and open the door.
Found a ring mail.
There is an open door here.
You reach down and open the door.
There is an open door here.
As you open the door, it creaks loudly!
A centaur warrior comes into view.
The centaur warrior shouts!
You hear two shouts!
The centaur warrior wields a +0 longbow.
The centaur warrior shoots an arrow.
The arrow hits you!!
Found a +6 ring of intelligence.
Found a stone staircase leading up.
The centaur warrior shoots an arrow.
The arrow hits you!
A two-headed ogre comes into view.
It is wielding a +0 dire flail and a +0 giant spiked club.
There is an open door here.
You reach down and close the door.
Something unseen opens the door.
The centaur warrior shoots an arrow.
The arrow hits you!!
The centaur warrior shoots an arrow.
The arrow hits you!!
* * * LOW HITPOINT WARNING * * *
The centaur warrior shoots an arrow.
The arrow barely misses you.
The centaur warrior shoots an arrow.
The arrow hits you!!
You die...

####'# #.##### #....#
#.....# ####O#######
##########.## #....c.....#
#............ #..........#
#............ #..........#
#............ #...[......#
#...........:
#..........#####............
#..........@..>#............
#..........###.#............
#..........# #.#............
#..........# #.#............
#..........# #..............
############ ###............
#............ #############


You could see a centaur warrior and a two-headed ogre.

Vanquished Creatures
  A two-headed ogre (D:9)
  Pikel (D:6)
  A manticore (D:9)
  Maggie (D:6)
  2 hornets (D:9)
  Grinder (D:6)
  A wraith (D:9)
  6 yaks (D:8)
  2 wyverns
  2 wargs (D:8)
  2 acid dragons
  A water moccasin (D:5)
  3 ice beasts
  4 ogres
  An orc warrior (D:8)
  3 sky beasts
  A black bear (D:8)
  2 centaurs
  3 lemures (D:6)
  A phantom (D:5)
  3 kobold brigands
  A necrophage (D:5)
  2 scorpions
  5 bullfrogs
  2 gnoll sergeants
  5 killer bees (D:8)
  5 howler monkeys
  5 orc priests
  3 jellies
  A gnoll bouda (D:4)
  4 hounds
  2 iguanas
  8 orc wizards
  16 gnolls
  15 adders
  2 white imps
  2 worms
  A dart slug (D:4)
  39 orcs
  5 endoplasms
  4 giant cockroaches
  9 goblins
  9 hobgoblins
  10 jackals
  22 kobolds
  7 quokkas
  5 ball pythons
  7 bats
  5 frilled lizards
  3 rats
246 creatures vanquished.

Vanquished Creatures (others)
  A plant (D:8)
1 creature vanquished.

Grand Total: 247 creatures vanquished

Notes
Turn   | Place    | Note
-------+----------+-------------------------------------------
     0 | D:1      | juncz the Djinni Ice Elementalist began the quest for the
                  | Orb.
     0 | D:1      | juncz set off with the following spells memorised: Freeze,
                  | Frozen Ramparts, Ozocubu's Armour, Hailstorm.
     0 | D:1      | Reached XP level 1. HP: 15/15 MP: 0/0
   697 | D:1      | Reached XP level 2. HP: 19/21 MP: 0/0
   755 | D:1      | You are sucked into a shaft and drop 1 floor!
  1323 | D:1      | Reached XP level 3. HP: 19/25 MP: 0/0
  1323 | D:1      | Learned a level 1 spell: Magic Dart
  2224 | D:2      | Reached XP level 4. HP: 23/31 MP: 0/0
  2298 | D:2      | Found a faded altar of an unknown god.
  2899 | D:2      | Identified the +4 quarterstaff of Byimiodi {vorpal, rN+
                  | Stlth+}
  3445 | D:3      | Reached XP level 5. HP: 31/35 MP: 0/0
  3445 | D:3      | Learned a level 2 spell: Static Discharge
  3881 | D:3      | Reached skill level 1 in Fighting
  4599 | D:4      | Reached skill level 2 in Fighting
  4599 | D:4      | Reached XP level 6. HP: 38/43 MP: 0/0
  4637 | D:4      | Found a hazy altar of Hepliaklqana.
  5140 | D:4      | Noticed an ogre
  5161 | D:4      | Killed an ogre
  5162 | D:4      | Reached skill level 3 in Fighting
  5162 | D:4      | Reached XP level 7. HP: 38/50 MP: 0/0
  5162 | D:4      | Learned a level 2 spell: Blink
  5726 | D:4      | Found an opulent altar of Gozag.
  5731 | D:4      | Found a bloodstained altar of Trog.
  6165 | D:5      | Entered Level 5 of the Dungeon
  6173 | D:5      | Reached skill level 4 in Fighting
  6173 | D:5      | Reached skill level 5 in Spellcasting
  6435 | D:5      | Noticed a water moccasin
  6441 | D:5      | Killed a water moccasin
  6521 | D:5      | Reached XP level 8. HP: 47/58 MP: 0/0
  6996 | D:5      | Reached skill level 5 in Fighting
  7687 | D:5      | Reached skill level 6 in Fighting
  7938 | D:6      | Reached XP level 9. HP: 34/67 MP: 0/0
  7938 | D:6      | Learned a level 4 spell: Anguish
  8532 | D:6      | Found a snail-covered altar of Cheibriados.
  8604 | D:6      | Reached skill level 7 in Fighting
  8671 | D:6      | Noticed Grinder
  8686 | D:6      | Paralysed by Grinder for 2 turns
  8707 | D:6      | Killed Grinder
  9257 | D:6      | Noticed Maggie
  9268 | D:6      | Killed Maggie
  9871 | D:6      | Noticed Pikel
  9880 | D:6      | Killed Pikel
  9881 | D:6      | Reached skill level 8 in Fighting
 10025 | D:7      | Reached XP level 10. HP: 71/77 MP: 0/0
 10072 | D:7      | Found a staircase to the Ecumenical Temple.
 10079 | D:7      | Identified the ring of Burir {Fire Int+2}
 10086 | Temple   | Entered the Ecumenical Temple
 10150 | Temple   | Became a worshipper of Makhleb the Destroyer
 10768 | D:7      | Found a sacrificial altar of Ru.
 11080 | D:7      | Found a stormy altar of Qazlal.
 11280 | D:8      | Reached skill level 9 in Fighting
 11430 | D:8      | Reached * piety under Makhleb
 12585 | D:8      | Found a staircase to the Lair.
 12649 | D:8      | Reached skill level 10 in Fighting
 13972 | D:9      | Reached XP level 11. HP: 19/86 MP: 0/0
 13972 | D:9      | Learned a level 4 spell: Manifold Assault
 14576 | D:9      | Noticed a two-headed ogre
 14588 | D:9      | Killed a two-headed ogre
 14589 | D:9      | Reached skill level 11 in Fighting
 14758 | D:9      | Reached ** piety under Makhleb
 15239 | D:9      | Noticed a manticore
 15258 | D:9      | Killed a manticore
 16001 | D:10     | Entered Level 10 of the Dungeon
 16019 | D:10     | Found a staircase to the Orcish Mines.
 16033 | D:10     | Identified the +1 chain mail of a Thousand Priests {rPois
                  | Str+3}
 16090 | D:10     | Noticed a centaur warrior
 16091 | D:10     | Noticed a two-headed ogre
 16101 | D:10     | Shot with an arrow by a centaur warrior

Illustrated notes

Levels and vault maps discovered:
D:1:      ebering_hopf_link, layout_basic, minmay_tetromino_l2
D:2:      layout_loops_ring, ebering_ecumenical_altar_rust,
          minmay_goblin_kobold_house
D:3:      layout_basic, amcnicky_mini_corridor_feature, st_stairs_14
D:4:      layout_cave_pools, mainiacjoe_overflow_tiny_flanked,
          nicolae_overflow_crystal_walls, mainiacjoe_overflow_big_doors,
          nicolae_overflow_hidden_temple, nrook_uturn
D:5:      layout_loops_ring
D:6:      layout_gridville, lemuel_tele_altar, hangedman_abyss_or_decor_slice,
          uniq_pikel, uniq_maggie, uniq_grinder
D:7:      layout_loops_ring, nicolae_qazlal_eye_of_the_storm,
          mainiacjoe_overflow_alcove_4, minmay_temple_entry_mini_moons,
          bh_walls_and_bars
D:8:      layout_basic, erik_lair_orcish_takeover
D:9:      layout_cave_pools
D:10:     layout_roguey, orc_0_dummy, minmay_fractal_squares_5
Temple:   eino_temple_lava

Skill      XL: |  1  2  3  4  5  6  7  8  9 10 11 |
---------------+----------------------------------+-----
Stealth        | 2 |  2.7
Dodging        | 3 |  3.5
Fighting       | 2 3 4 6 8 10 11 | 11.6
Spellcasting   | 4 5 6 7 9 |  9.8

Action                   |  1- 3 |  4- 6 |  7- 9 | 10-12 || total
-------------------------+-------+-------+-------+-------++-------
Melee: Unarmed           |     2 |       |       |       ||     2
       Quarterstaff      |       |       |       |     1 ||     1
 Cast: Freeze            |    35 |    29 |    58 |    83 ||   205
       Magic Dart        |    19 |    81 |   167 |   163 ||   430
       Frozen Ramparts   |     2 |     9 |    27 |    35 ||    73
       Ozocubu's Armour  |     2 |     3 |    13 |    16 ||    34
  Use: Scroll            |       |     2 |     5 |     9 ||    16
Armor: Robe              |     7 |     5 |    13 |       ||    25
       Steam dragon scal |       |       |       |    37 ||    37
Dodge: Dodged            |    21 |    11 |    41 |    68 ||   141

Table legend: (Time is in decaauts)
 A = Elapsed time spent in this place.
 B = Non-inter-level travel time spent in this place.
 C = Inter-level travel time spent in this place.
 D = Time resting spent in this place.
 E = Time spent auto-exploring this place.
 F = Levels seen in this place.
 G = Mean time per level.
                   A        B        C        D        E       F      G
               +--------+--------+--------+--------+--------+-----+--------+
         Total |  16098 |  15657 |    441 |   6161 |   8005 |  11 | 1463.5 |
       Dungeon |  16024 |  15608 |    416 |   6161 |   7965 |  10 | 1602.4 |
        Temple |     73 |     48 |     25 |      0 |     40 |   1 |   73.0 |
               +--------+--------+--------+--------+--------+-----+--------+

Top non-repeatable levels by time:
     D:8: 3103 daAuts
     D:6: 2127 daAuts
     D:1: 1892 daAuts
     D:5: 1708 daAuts
     D:9: 1659 daAuts
     D:4: 1583 daAuts
     D:3: 1576 daAuts
     D:7: 1161 daAuts
     D:2: 1111 daAuts
    D:10: 99 daAuts
  Temple: 73 daAuts
